Map: Bel'Shir Vestige LE (Void)

Players

dallaskuken - Winner!

  • Race: Protoss Protoss
  • League: Platinum
  • Spawn Location: 11:00

FrogMint

  • Race: Terran Terran
  • Spawn Location: 5:00

VOD

Have the link to the VOD?

Description

Time

  • Played on: March 17, 2017, 5:47 p.m.
  • Length: 9:13
Show
View Real Time Build Order
Export as new Build Order

dallaskuken Protoss - Winner!

Build Orders:  

Get SALT Encoding   

  12  0:01  Probe (Chrono Boost)  
  13  0:11  Probe (Chrono Boost)  
  14  0:25  Pylon  
  14  0:26  Probe (Chrono Boost)  
  15  0:43  Probe (Chrono Boost)  
  16  0:53  Gateway, Probe (Chrono Boost)  
  16  0:55  Pylon  
  17  1:11  Probe (Chrono Boost)  
  18  1:22  Probe (Chrono Boost)  
  20  1:32  Probe (Chrono Boost)  
  20  1:43  Pylon  
  20  1:52  Probe (Chrono Boost)  
  21  2:06  Cybernetics Core  
  21  2:10  Nexus  
  21  2:19  Forge  
  21  2:26  Probe (Chrono Boost)  
  22  2:30  Pylon  
  22  2:31  Assimilator  
  22  2:32  Pylon  
  22  2:35  Assimilator  
  22  2:36  Probe (Chrono Boost)  
  23  2:37  Zealot  
  25  2:47  Probe (Chrono Boost)  
  26  2:59  Probe (Chrono Boost)  
  26  3:04  Zealot  
  29  3:07  Warp Gate  
  29  3:09  Probe (Chrono Boost)  
  31  3:20  Probe (Chrono Boost)  
  31  3:23  Probe (Chrono Boost)  
  32  3:30  Probe (Chrono Boost)  
  32  3:31  Photon Cannon  
  32  3:32  Stalker  
  32  3:33  Photon Cannon, Probe (Chrono Boost)  
  36  3:44  Probe (Chrono Boost)  
  37  3:55  Probe (Chrono Boost)  
  38  4:02  Stalker  
  40  4:05  Probe (Chrono Boost)  
  41  4:12  Stargate  
  41  4:16  Probe (Chrono Boost)  
  42  4:23  Stargate  
  42  4:26  Probe (Chrono Boost)  
  42  4:27  Probe (Chrono Boost)  
  44  4:32  Stalker  
  44  4:37  Probe (Chrono Boost)  
  44  4:38  Probe (Chrono Boost)  
  48  4:48  Probe (Chrono Boost)  
  49  4:53  Assimilator  
  49  4:54  Assimilator  
  49  4:58  Probe (Chrono Boost)  
  49  4:59  Probe (Chrono Boost)  
  51  5:05  Pylon  
  51  5:06  Pylon  
  51  5:08  Pylon, Probe (Chrono Boost)  
  51  5:10  Probe (Chrono Boost)  
  53  5:19  Probe (Chrono Boost)  
  54  5:23  Stalker, Probe (Chrono Boost)  
  54  5:28  Void Ray  
  61  5:29  Probe (Chrono Boost)  
  61  5:31  Void Ray  
  61  5:34  Probe (Chrono Boost)  
  67  5:53  Stalker  
  67  5:55  Probe (Chrono Boost)  
  70  6:03  Nexus  
  70  6:05  Probe (Chrono Boost)  
  70  6:11  Void Ray  
  75  6:16  Probe (Chrono Boost)  
  76  6:21  Protoss Air Weapons Level 1  
  76  6:22  Pylon  
  76  6:23  Stalker  
  76  6:24  Pylon x2  
  78  6:40  Void Ray  
  78  6:42  Probe (Chrono Boost)  
  83  6:53  Stalker  
  83  6:54  Void Ray  
  89  7:15  Probe (Chrono Boost)  
  90  7:23  Stalker, Void Ray  
  90  7:25  Probe (Chrono Boost)  
  97  7:36  Void Ray, Probe (Chrono Boost)  
  90  7:47  Probe (Chrono Boost)  
  91  7:57  Probe (Chrono Boost)  
  92  8:04  Pylon  
  92  8:05  Pylon, Void Ray  
  96  8:19  Void Ray  
Show
View Real Time Build Order
Export as new Build Order

FrogMint Terran 

Build Orders:  

Get SALT Encoding   

  12  0:01  SCV  
  13  0:13  SCV  
  14  0:25  Supply Depot  
  14  0:27  SCV  
  15  0:47  SCV  
  16  0:50  Barracks  
  16  0:59  SCV  
  16  1:00  Supply Depot  
  17  1:11  SCV  
  17  1:16  Supply Depot  
  18  1:23  SCV  
  19  1:35  SCV  
  20  1:40  Barracks  
  20  1:47  SCV  
  21  1:57  Refinery  
  21  2:00  SCV  
  22  2:11  Command Center  
  22  2:12  SCV  
  23  2:21  Barracks  
  23  2:24  SCV  
  24  2:36  SCV  
  25  2:48  Bunker  
  25  2:52  Barracks Reactor  
  25  2:59  Refinery  
  25  3:03  Orbital Command  
  25  3:21  Marine  
  26  3:30  Orbital Command  
  26  3:38  Factory, Marine  
  27  3:42  Marine x2  
  29  3:50  SCV  
  30  3:56  Marine  
  31  4:17  Marine  
  32  4:36  SCV  
  33  4:40  Orbital Command  
  33  4:53  Refinery  
  33  4:58  Marine x2  
  35  5:17  Cyclone x2  
  41  5:29  Marine  
  43  5:38  Barracks Tech Lab  
  42  5:44  Starport  
  42  5:49  Cyclone x2  
  48  5:56  SCV  
  49  5:58  SCV  
  50  6:08  SCV, Supply Depot  
  50  6:09  Supply Depot x2  
  50  6:10  SCV  
  52  6:34  SCV x2  
  54  6:45  Stimpack  
  54  6:46  SCV  
  55  6:47  Starport Reactor  
  55  6:58  Marine  
  55  6:59  Marine  
  57  7:03  SCV  
  58  7:16  Marine  
  58  7:17  Marine  
  60  7:23  SCV  
  60  7:34  Marine  
  54  7:43  SCV  
  42  7:55  Engineering Bay  
  42  7:57  SCV  
  42  8:00  Medivac  
  42  8:01  Medivac  
  42  8:03  Marine x2  
  47  8:21  Marine  
  47  8:24  Missile Turret  
  45  8:29  Missile Turret  
  45  8:30  Missile Turret, Marine  
  45  8:31  Missile Turret  
  44  8:39  Marine  
  39  8:48  Marine  
Tags
 
Add a new tag
Caveats
  • Supply blocks, unpowered buildings, or Contaminate may cause inaccurate times.
  • Supply counts are checked every 10 seconds.